 Dungeon Crawl Stone Soup version 0.31.0-12-g77e489cdc1 (webtiles) character file.

Game seed: 66653645551767259

116290 McKennaii the Eclecticist (level 15, -10/99 HPs)
             Began as a Demigod Conjurer on Feb 23, 2024.
             Mangled by an entropy weaver simulacrum (15 damage)
             ... on level 3 of the Spider Nest.
             The game lasted 00:52:46 (40525 turns).

McKennaii the Eclecticist (Demigod Conjurer)       Turns: 40525, Time: 00:52:47

Health: -10/99     AC: 13    Str: 12    XL:     15   Next: 73%
Magic:  6/42       EV: 12    Int: 40    God:
Gold:   2736       SH:  0    Dex: 12    Spells: 27/49 levels left

rFire   + + .        M - staff of air
rCold   . . .        (no shield)
rNeg    + . .        H - +1 toga "Victory" {*Victory Int+1 Slay+1 Clar}
rPois   .            Y - +1 helmet {Int+3}
rElec   +            G - +2 cloak
rCorr   .            c - +2 pair of gloves "Mirchohi" {rElec rF+ rN+}
SInv    .            Z - +1 pair of boots
Will    +....        (no amulet)
Stlth   ++           l - ring of protection from fire
HPRegen 0.36/turn    (no ring)
MPRegen 0.28/turn

%: clarity
@: no status effects
A: high MP 1, forlorn, divine attributes
a: no special abilities


You were on level 3 of the Spider Nest.
You visited 4 branches of the dungeon, and saw 25 of its levels.
You also visited: Sewer and Ossuary.

You collected 3458 gold pieces.
You spent 722 gold pieces at shops.

Inventory:

Hand Weapons
 U - a +4 short sword of venom
Armour
 c - the +2 pair of gloves "Mirchohi" (worn) {rElec rF+ rN+}
   (You found it on level 1 of the Orcish Mines)

   rF+:       It protects you from fire.
   rElec:     It insulates you from electricity.
   rN+:       It protects you from negative energy.
 y - the +5 ring mail of the Beggar {rPois rN+ rCorr}
   (You found it on level 3 of the Dungeon)

   rPois:     It protects you from poison rN+: It protects you from negative
   energy.
   rCorr:     It protects you from acid and corrosion.
 G - a +2 cloak (worn)
 H - the +1 toga "Victory" (worn) {*Victory Int+1 Slay+1 Clar}
   (You found it on level 3 of the Dungeon)

   *Victory:  When the wearer kills a threatening monster, it has a chance to
   gain +1 AC, +1 Slay, and +1 Int, capping at +7.
   When the wearer uses a scroll or a potion with a hostile monster in sight,
   its bonuses reset to +0.
   Unequipping it also resets its bonuses to +0.
   Int+1:     It affects your intelligence (+1).
   Slay+1:    It affects your accuracy & damage with ranged weapons and melee
   (+1).
   Clar:      It protects you from confusion, rage, mesmerisation and fear.
 Y - a +1 helmet of intelligence (worn)
 Z - a +1 pair of boots (worn)
Magical Staves
 n - a staff of earth
 M - a staff of air (weapon)
Jewellery
 a - a ring of fire
 l - a ring of protection from fire (left hand)
 F - a ring of willpower
 L - a ring of see invisible
 N - a ring of poison resistance
 S - a ring of protection from cold
 X - a ring of flight
Wands
 E - a wand of roots (33)
 O - a wand of charming (35)
 R - a wand of flame (22)
Scrolls
 i - 13 scrolls of teleportation
 m - 3 scrolls of immolation
 o - 4 scrolls of fog
 p - 3 scrolls of revelation
 r - 3 scrolls of fear
 u - 4 scrolls of enchant armour
 w - 4 scrolls of enchant weapon
 x - 3 scrolls of brand weapon
 A - a scroll of poison
 C - 3 scrolls of blinking
 I - 5 scrolls of vulnerability
 P - 5 scrolls of silence
 T - 3 scrolls of amnesia
 V - a scroll of torment {unknown}
 W - a scroll of summoning {unknown}
Potions
 b - 4 potions of magic
 d - 5 potions of lignification
 e - 4 potions of mutation
 f - 6 potions of attraction
 g - 4 potions of might
 h - 6 potions of brilliance
 j - a potion of ambrosia
 k - 5 potions of resistance
 q - 6 potions of haste
 s - a potion of cancellation
 t - 2 potions of invisibility
 v - 14 potions of curing
 B - 9 potions of heal wounds
 J - 3 potions of enlightenment {unknown}
 Q - a potion of degeneration {unknown}
Miscellaneous
 D - a condenser vane
 K - a phial of floods


   Skills:
 - Level 1.7 Dodging
 - Level 1.7 Stealth
 + Level 17.5 Spellcasting
 - Level 13.4 Conjurations
 - Level 4.0 Fire Magic
 - Level 12.8 Air Magic
 + Level 6.5 Earth Magic


You had 27 spell levels left.
You knew the following spells:

 Your Spells              Type           Power      Damage    Failure   Level
a - Magic Dart            Conj           100%       1d8       0%          1
b - Searing Ray           Conj           100%       2d8       0%          2
c - Iskenderun's Mystic   Conj/Tloc      73%        2d15      1%          4
d - Plasma Beam           Fire/Air       50%        2x1d65    4%          6
e - Airstrike             Air            58%        2d(9-25)  1%          4
f - Freezing Cloud        Conj/Ice/Air   51%        6-21      1%          5

Your spell library contained the following spells:

 Spells                   Type           Power      Damage    Failure   Level
 Static Discharge         Conj/Air       100%       3-8/arc   0%          2
 Necrotise                Necr           100%       1d9       1%          1
 Blink                    Tloc           70%        N/A       1%          2
 Call Imp                 Summ           70%        N/A       1%          2
 Cigotuvi's Dreadful Rot  Necr/Alch/Air  100%       N/A       1%          2
 Mercury Vapours          Alch/Air       100%       N/A       1%          2
 Sublimation of Blood     Necr           35%        N/A       1%          2
 Dazzling Flash           Conj/Hex       100%       N/A       1%          3
 Mephitic Cloud           Conj/Alch/Air  100%       N/A       1%          3
 Passwall                 Erth           72%        N/A       1%          3
 Volatile Blastmotes      Fire/Tloc      100%       2d18      1%          3
 Fulminant Prism          Conj/Alch      36%        3d17      1%          4
 Summon Lightning Spire   Summ/Air       92%        N/A       1%          4
 Irradiate                Conj/Alch      36%        3d23      1%          5
 Fugue of the Fallen      Necr           35%        N/A       2%          3
 Ozocubu's Armour         Ice            35%        N/A       2%          3
 Tukima's Dance           Hex            35%        N/A       2%          3
 Vampiric Draining        Necr           35%        2d8       2%          3
 Petrify                  Alch/Erth      57%        N/A       2%          4
 Ignite Poison            Fire/Alch      50%        N/A       3%          4
 Starburst                Conj/Fire      40%        6d12      3%          6
 Anguish                  Hex/Necr       17%        N/A       9%          4
 Cause Fear               Hex            17%        N/A       9%          4
 Dimensional Bullseye     Hex/Tloc       17%        N/A       9%          4
 Manifold Assault         Tloc           35%        N/A       9%          4
 Martyr's Knell           Necr/Summ      35%        N/A       9%          4
 Curse of Agony           Necr           35%        N/A       22%         5
 Summon Forest            Summ/Tloc      17%        N/A       22%         5
 Maxwell's Capacitive Co  Air            58%        ∞         28%         8
 Eringya's Noxious Bog    Alch           17%        4d6       77%         6
 Enfeeble                 Hex            17%        N/A       100%        7
 Malign Gateway           Summ/Tloc      17%        N/A       100%        7
 Summon Hydra             Summ           17%        N/A       100%        7
 Summon Horrible Things   Summ           17%        N/A       100%        8
 Shatter                  Erth           36%        3d29*     100%        9


Dungeon Overview and Level Annotations

Branches:
Dungeon (15/15)            Temple (0/1) D:4            Lair (5/5) D:11
  Swamp (0/4) Lair:2       Spider (3/4) Lair:3        Slime (0/5) Lair:4
    Orc (2/2) D:12            Elf (0/3) Orc:2        Vaults (0/5) D:14
 Depths (0/4) D:15          Sewer (visited)         Ossuary (visited)

Shops:
D:4 [   D:7 (   D:12 *?   D:15 :   Orc:2 :=([


Innate Abilities, Weirdness & Mutations

You have an increased reservoir of magic. (+10% MP)
You shall have no god before yourself.
Your divine heritage dramatically boosts your attributes as you level up.


Message History

The mystic blast hits the entropy weaver!!
The +1 toga "Victory" glows.
You kill the entropy weaver!
A freezing mist starts to gather...
An entropy weaver simulacrum comes into view.
You hear an angry buzzing noise.
Unknown command.
Unknown command.
The jumping spider misses you. The jumping spider closely misses you.
A culicivora simulacrum comes into view.
The entropy weaver simulacrum hits you!
The entropy weaver simulacrum freezes you!
The entropy weaver simulacrum closely misses you.
The entropy weaver simulacrum hits you!
The entropy weaver simulacrum freezes you!
The entropy weaver simulacrum barely misses you.
Unknown command.
Unknown command.
Unknown command.
The jumping spider attacks as it pursues you!
The jumping spider pounces on you. The jumping spider closely misses you.
The jumping spider pounces on you but does no damage.
The jumping spider bites you.
The entropy weaver simulacrum hits you but does no damage.
The entropy weaver simulacrum completely misses you.
The entropy weaver simulacrum hits you but does no damage.
The entropy weaver simulacrum hits you!
The entropy weaver simulacrum freezes you!
The jumping spider attacks as it pursues you!
The jumping spider barely misses you. The jumping spider bites you.
The entropy weaver simulacrum attacks as it pursues you!
The entropy weaver simulacrum closely misses you.
The entropy weaver simulacrum hits you.
* * * LOW HITPOINT WARNING * * *
The entropy weaver simulacrum freezes you!
* * * LOW HITPOINT WARNING * * *
The entropy weaver simulacrum hits you!
* * * LOW HITPOINT WARNING * * *
The entropy weaver simulacrum freezes you!
You die...

#. #^..#....#..###^....##.
#..## #.###.......#.[########
..#.### #...##.#........#
#.... ###...###..^#....#
#...###....##...#.....###
..#.##..#.##.....####.###.(.#
........#....#..#...#...#..###
#.........s.Z##...#....##.##.#
..#..####.##°s@..#..###.###..#
.#........^#.Z#....##.#..#..##
#..# ...##.#..#.#...#....#^..#
.
#B.#..#....########.#..##..###
#...
....#..B.#..#.#..#..#.....#
#.. #.#. #>..^##...#^..<[.#.##
...# ..####s.............#.###
#..##.#^.....#....#..###....#
#.....#.^....##...##...##..##


You could see a jumping spider (soul bound), a redback (soul bound), an entropy
weaver simulacrum and a culicivora simulacrum.

Vanquished Creatures
  Frances (Spider:2)
  Kirke (D:12)
  Agnes (Spider:3)
  An orc warlord (Orc:2)
  An ironbound preserver (D:14)
  A stone giant (D:15)
  A broodmother (Lair:3)
  A spark wasp (Spider:2)
  An ettin (Orc:1)
  The ghost of dogaso222 the Geomancer, a journeyman GrEE of Sif Muna (D:14)
  4 entropy weavers
  A fire dragon (D:14)
  8 hydras
  3 centaur warriors
  A radroach (Spider:3)
  A catoblepas (D:14)
  6 boulder beetles
  A death yak (Lair:5)
  5 two-headed ogres
  3 tengu warriors
  7 demonic crawlers
  2 orc high priests (Orc:2)
  Sonja (Lair:4)
  Nergalle (Lair:2)
  5 skysharks
  5 pharaoh ants
  An orb spider (Spider:3)
  2 deep elf pyromancers
  3 steelbarb worms
  6 orc knights
  8 wolf spiders
  5 orc sorcerers
  7 ugly things
  A will-o-the-wisp (Lair:2)
  11 cyclopes
  The ghost of Ijustatesigmund the Trooper, a novice GrFi (D:5)
  4 kobold blastminers
  4 manticores
  3 elephants
  4 torpor snails
  2 black mambas
  An unseen horror (shapeshifter) (D:14)
  21 cane toads
  An unseen horror (D:13)
  A yaktaur (D:15)
  A tengu conjurer (D:15)
  2 efreet (D:15)
  7 komodo dragons
  7 trolls
  A polar bear (Lair:4)
  2 tyrant leeches
  11 tarantellas
  Grinder (D:5)
  4 dream sheep (Lair:4)
  40 blink frogs
  Prince Ribbit (Lair:2)
  Sigmund (D:3)
  12 culicivoras
  13 jumping spiders
  A shadow (D:12)
  17 slime creatures
  4 basilisks
  2 wyverns
  2 hogs (D:12)
  A fire bat (shapeshifter) (D:14)
  43 yaks
  A steam dragon (D:7)
  5 wraiths
  A human (shapeshifter) (D:15)
  A vampire (D:12)
  4 wargs
  26 redbacks
  8 vampire mosquitoes
  Edmund (D:5)
  8 water moccasins
  2 ice beasts (D:5)
  A sky beast (D:6)
  23 orc warriors
  A black bear (D:5)
  8 ogres
  13 centaurs
  6 wolves
  A phantom (D:5)
  3 kobold brigands
  16 bullfrogs
  2 brain worms (Sewer)
  5 scorpions
  7 wights
  2 burial acolytes (Ossuary)
  13 killer bees
  7 howler monkeys
  2 electric eels (Lair:5)
  3 bombardier beetles
  2 lava snakes (D:11)
  5 hounds
  25 orc priests
  2 gnoll boudas
  Crazy Yiuf (D:4)
  2 jellies (Lair:4)
  2 sleepcaps
  3 iguanas
  Ijyb (D:5)
  27 orc wizards
  A bullfrog simulacrum (D:5)
  A scorpion simulacrum (D:5)
  Robin (D:4)
  9 gnolls
  8 adders
  2 hound simulacra (D:5)
  A shadow imp (D:6)
  A white imp (D:5)
  2 ufetubi (D:7)
  3 adder skeletons (Ossuary)
  A dart slug (D:3)
  82 orcs
  10 ball pythons
  5 bats
  7 endoplasms
  5 giant cockroaches
  14 goblins
  9 hobgoblins
  3 jackals (D:1)
  3 quokkas
  A ball python skeleton (Ossuary)
  6 frilled lizards
  3 hobgoblin skeletons (Ossuary)
  24 kobolds
  2 kobold skeletons (Ossuary)
  An orc skeleton (Ossuary)
  5 rats
773 creatures vanquished.

Vanquished Creatures (others)
  8 foxfires (Lair:2)
8 creatures vanquished.

Grand Total: 781 creatures vanquished

Notes
Turn   | Place    | Note
-------+----------+-------------------------------------------
     0 | D:1      | McKennaii the Demigod Conjurer began the quest for the Orb.
     0 | D:1      | Reached XP level 1. HP: 14/14 MP: 5/5
   164 | D:1      | Reached skill level 2 in Spellcasting
   220 | D:1      | Reached XP level 2. HP: 6/20 MP: 1/7
   223 | D:1      | Learned a level 2 spell: Searing Ray
  1023 | D:1      | Reached XP level 3. HP: 26/26 MP: 4/9
  2358 | D:3      | Found a glowing drain.
  2477 | Sewer    | Entered a sewer
  2598 | Sewer    | Reached skill level 3 in Spellcasting
  2598 | Sewer    | Reached XP level 4. HP: 26/33 MP: 5/11
  2668 | Sewer    | Learned a level 4 spell: Iskenderun's Mystic Blast
  2726 | Sewer    | Noticed a brain worm
  2732 | Sewer    | Killed a brain worm
  2854 | Sewer    | Noticed a brain worm
  2859 | Sewer    | Killed a brain worm
  2860 | Sewer    | Reached skill level 5 in Conjurations
  2860 | Sewer    | Reached XP level 5. HP: 38/38 MP: 6/13
  3138 | D:3      | Identified the +5 ring mail of the Beggar {rPois rN+ rCorr}
  3295 | D:3      | Found a runed translucent door.
  3298 | D:3      | Noticed an ogre
  3300 | D:3      | Found the +0 toga "Victory" {*Victory Clar}
  3302 | D:3      | Noticed a centaur
  3510 | D:3      | Noticed Sigmund
  3517 | D:3      | Killed Sigmund
  3518 | D:3      | Reached skill level 4 in Spellcasting
  3518 | D:3      | Reached XP level 6. HP: 35/45 MP: 6/15
  4023 | D:4      | Found a staircase to the Ecumenical Temple.
  4036 | D:4      | Noticed Robin
  4050 | D:4      | Killed Robin
  4240 | D:4      | Found Gaolosem's Armour Shoppe.
  4684 | D:4      | Found a runed translucent door.
  4685 | D:4      | Noticed Crazy Yiuf
  4810 | D:5      | Entered Level 5 of the Dungeon
  4868 | D:5      | Reached XP level 7. HP: 50/50 MP: 10/17
  4923 | D:5      | Reached skill level 5 in Spellcasting
  5170 | D:5      | Noticed Ijustatesigmund's ghost (novice GrFi)
  5333 | D:5      | Found a runed translucent gate.
  5333 | D:5      | Found a runed translucent gate.
  5333 | D:5      | Found a runed translucent gate.
  5359 | D:5      | Noticed Ijyb
  5366 | D:5      | Killed Ijyb
  5551 | D:5      | Reached skill level 6 in Spellcasting
  5700 | D:5      | Reached XP level 8. HP: 57/57 MP: 15/20
  5875 | D:5      | Noticed Grinder
  5897 | D:5      | Killed Grinder
  6277 | D:5      | Noticed Edmund
  6287 | D:5      | Killed Edmund
  6477 | D:5      | Reached skill level 7 in Spellcasting
  6939 | D:4      | Killed Crazy Yiuf
  7916 | D:6      | Reached XP level 9. HP: 58/62 MP: 17/24
  8470 | D:6      | Reached skill level 8 in Spellcasting
  8809 | D:7      | Found a sand-covered staircase.
  8818 | Ossuary  | Entered an ossuary
  9578 | D:7      | Found Wat Kuz's Weapon Shop.
  9790 | D:5      | Killed Ijustatesigmund's ghost
  9791 | D:5      | Reached skill level 10 in Conjurations
 10275 | D:8      | Reached skill level 9 in Spellcasting
 10879 | D:9      | Reached XP level 10. HP: 69/69 MP: 16/27
 11248 | D:9      | Noticed a cyclops
 11248 | D:9      | Noticed a cyclops
 11248 | D:9      | Noticed a deep elf pyromancer
 11248 | D:9      | Noticed a brown ugly thing
 11248 | D:9      | Noticed a cyclops
 11248 | D:9      | Noticed a cyclops
 11249 | D:9      | Noticed a cyclops
 11249 | D:9      | Noticed a skeletal warrior
 11249 | D:9      | Noticed a tengu warrior
 11759 | D:10     | Entered Level 10 of the Dungeon
 11768 | D:10     | Noticed a cyclops
 11784 | D:10     | Killed a cyclops
 11911 | D:10     | Reached skill level 10 in Spellcasting
 12183 | D:10     | Identified the +7 flail of the Glowing Vulture {freeze,
                  | Stlth+}
 12478 | D:10     | Identified the +8 war axe "Abesumou" {distort, Str+4}
 12725 | D:10     | Learned a level 5 spell: Freezing Cloud
 13009 | D:11     | Noticed a two-headed ogre
 13017 | D:11     | Killed a two-headed ogre
 13023 | D:11     | Noticed an orc knight
 13274 | D:11     | Killed an orc knight
 13610 | D:11     | Noticed a cyclops
 13618 | D:11     | Killed a cyclops
 13675 | D:11     | Found a staircase to the Lair.
 14012 | D:12     | Found Hocs's Magic Scroll Boutique.
 14014 | D:12     | Noticed a cyclops
 14166 | D:12     | Found Gusil's Assorted Antiques.
 14168 | D:12     | Noticed a cyclops
 14280 | Lair:1   | Entered Level 1 of the Lair of Beasts
 14280 | Lair:1   | Noticed a black mamba
 14285 | Lair:1   | Killed a black mamba
 14286 | Lair:1   | Reached XP level 11. HP: 74/74 MP: 18/30
 14664 | Lair:1   | Reached skill level 11 in Spellcasting
 15628 | Lair:2   | Noticed Prince Ribbit
 15636 | Lair:2   | Killed Prince Ribbit
 15984 | Lair:2   | Noticed a skyshark
 15997 | Lair:2   | Killed a skyshark
 16151 | Lair:2   | Noticed Nergalle
 16413 | Lair:2   | Found a staircase to the Swamp.
 16796 | Lair:2   | Noticed a boulder beetle
 16855 | Lair:2   | Killed a boulder beetle
 16856 | Lair:2   | Reached skill level 12 in Spellcasting
 17084 | Lair:2   | Killed Nergalle
 17517 | Lair:3   | Got the Omnibus of the Bonfire
 17542 | Lair:3   | Learned a level 6 spell: Plasma Beam
 17629 | Lair:3   | Noticed a four-headed hydra
 17640 | Lair:3   | Killed a four-headed hydra
 17641 | Lair:3   | Reached skill level 1 in Fire Magic
 17641 | Lair:3   | Reached skill level 1 in Air Magic
 17920 | Lair:3   | Reached XP level 12. HP: 74/81 MP: 6/33
 18054 | Lair:3   | Found a hole to the Spider Nest.
 18410 | Lair:3   | Noticed a four-headed hydra
 18418 | Lair:3   | Killed a four-headed hydra
 18653 | Lair:3   | Noticed a four-headed hydra
 18664 | Lair:3   | Killed a four-headed hydra
 19454 | Lair:4   | Noticed Sonja
 19457 | Lair:4   | Killed Sonja
 19689 | Lair:4   | Found a staircase to the Slime Pits.
 20177 | Lair:4   | Noticed a seven-headed hydra
 20186 | Lair:4   | Killed a seven-headed hydra
 20187 | Lair:4   | Reached skill level 13 in Spellcasting
 20212 | Lair:4   | Reached skill level 5 in Air Magic
 21597 | Lair:5   | Entered Level 5 of the Lair of Beasts
 21605 | Lair:5   | Noticed a six-headed hydra
 21740 | Lair:5   | Reached XP level 13. HP: 83/86 MP: 22/35
 22294 | Lair:5   | Reached skill level 14 in Spellcasting
 24782 | D:12     | Bought a scroll of teleportation for 36 gold pieces
 24867 | D:12     | Bought a sedimented puce potion for 23 gold pieces
 24867 | D:12     | Bought a scroll labelled PAUQUF QUBERUU for 26 gold pieces
 25019 | D:12     | Noticed Kirke
 25224 | D:12     | Killed Kirke
 25549 | D:12     | Found a staircase to the Orcish Mines.
 26320 | D:13     | Reached skill level 15 in Spellcasting
 26320 | D:13     | Reached skill level 10 in Air Magic
 26500 | D:13     | Reached XP level 14. HP: 90/93 MP: 19/38
 27269 | D:13     | Learned a level 4 spell: Airstrike
 28004 | D:14     | Found a runed translucent gate.
 28196 | D:14     | Found a gate to the Vaults.
 28196 | D:14     | Noticed an ironbound preserver
 28225 | D:14     | Killed an ironbound preserver
 28435 | D:14     | Found a runed translucent gate.
 28436 | D:14     | Found a runed translucent gate.
 28436 | D:14     | Noticed dogaso222's ghost (journeyman GrEE)
 30047 | D:14     | Killed dogaso222's ghost
 30238 | D:15     | Entered Level 15 of the Dungeon
 30238 | D:15     | Found Qaitoam's Book Boutique.
 30445 | D:15     | Found a staircase to the Depths.
 30839 | D:15     | Reached skill level 16 in Spellcasting
 31448 | Orc:1    | Entered Level 1 of the Orcish Mines
 32040 | Orc:1    | Found a transporter.
 32751 | Orc:1    | Found a transporter.
 33021 | Orc:1    | Identified the +2 pair of gloves "Mirchohi" {rElec rF+ rN+}
 33228 | Orc:2    | Entered Level 2 of the Orcish Mines
 33228 | Orc:2    | Noticed an orc warlord
 33228 | Orc:2    | Found Lomoos's Antique Armour Emporium.
 33368 | Orc:2    | Paralysed by an orc sorcerer for 4 turns
 33379 | Orc:2    | Killed an orc warlord
 33793 | Orc:2    | Paralysed by an orc sorcerer for 2 turns
 33933 | Orc:2    | Reached XP level 15. HP: 99/99 MP: 34/41
 34075 | Orc:2    | Bought a faintly humming ring mail for 297 gold pieces
 34075 | Orc:2    | Identified the +1 ring mail of the Untouchables {rPois rF+
                  | rC-} (You bought it in a shop on level 2 of the Orcish
                  | Mines)
 34159 | Orc:2    | Found Nailluq's Jewellery Shoppe.
 34708 | Orc:2    | Found a staircase to the Elven Halls.
 34810 | Orc:2    | Found Qaoppuov's Book Shop.
 34815 | Orc:2    | Bought the Incunable of Heavy Apparitions for 340 gold
                  | pieces
 34831 | Orc:2    | Found Isuetuir's General Store.
 34882 | Orc:2    | Found Yciakh's Antique Weapon Emporium.
 35187 | Spider:1 | Entered Level 1 of the Spider Nest
 35289 | Spider:1 | Reached skill level 1 in Earth Magic
 35929 | Spider:1 | Identified a scroll of acquirement
 35936 | Spider:1 | Acquired 849 gold pieces
 37197 | Spider:2 | Noticed Frances
 37201 | Spider:2 | Killed Frances
 37641 | Spider:2 | Reached skill level 17 in Spellcasting
 38441 | Spider:2 | Reached skill level 5 in Earth Magic
 39445 | Spider:3 | Noticed Agnes
 39449 | Spider:3 | Killed Agnes
 40525 | Spider:3 | Mangled by an entropy weaver simulacrum

Illustrated notes

Levels and vault maps discovered:
D:1:      spicycebolla_green_bress_n_ham_2, layout_loops_cross,
          shapermc_ecumenical_altar_mp_vishouse, serial_glass, glass_columns_a,
          glass_columns_c, glass_columns_a, glass_columns_b, glass_columns_c,
          glass_columns_b, glass_columns_b, glass_columns_b, item_on_display_a,
          due_unseen_surprise, feat_on_display, feat_on_display, minmay_vboxes
D:2:      layout_loops_ring, minmay_misc_feat_rugged, st_stairs_10
D:3:      layout_loops_ring, nemelex_spade_bored_becter,
          nicolae_overflow_guarded_unrand_okawaru_victory,
          mainiacjoe_sewer_entry_somewhere_in_here_1, uniq_sigmund
D:4:      layout_basic, minmay_temple_entry_slanted, serial_shops, shop,
          uniq_crazy_yiuf_cottage, uniq_robin
D:5:      layout_loops_ring, gammafunk_ghost_icy, minmay_crystal_room,
          minmay_crystal_water, kennysheep_generic_room_6, uniq_grinder,
          uniq_ijyb, uniq_edmund
D:6:      layout_loops_cross, nicolae_qazlal_style_of_elements
D:7:      layout_rooms, nicolae_ossuary_entry_monument, serial_shops, shop
D:8:      hellmonk_crumbling_castle, layout_cave_pools,
          mainiacjoe_overflow_divided_tiny, minmay_misc_feat_encased
D:9:      layout_small_grid, minivault_12
D:10:     layout_loops_ring, mainiacjoe_overflow_swirl
D:11:     layout_big_octagon, lair_entry_dummy
D:12:     layout_basic, orc_0_dummy, serial_shops,
          nicolae_shop_tiny_statue_garden, nicolae_stop_n_shop_2, uniq_kirke
D:13:     layout_stronghold
D:14:     layout_irregular_city, skrybe_vaults_entry_preservation,
          gammafunk_ghost_hydra_chop, nrook_mini_backslash,
          nicolae_elyvilon_temple_path
D:15:     grunt_enter_depths_giant_problem, layout_rooms, xom_teletrap_fun,
          serial_shops, nicolae_shop_advertising_works
          [nicolae_subvault_shop_adworks]
Lair:1:   layout_loops_ring, cheibrodos_lair_reptile_den
Lair:2:   layout_cellular_growth, minmay_swamp_entry_wisps, uniq_prince_ribbit2,
          uniq_nergalle
Lair:3:   layout_cellular_growth, spider_nest_entry_funnel_web
Lair:4:   layout_gridlike, minmay_slime_entry_pillars,
          grunt_forest_small_clearings, grunt_megastairs_3, uniq_sonja
Lair:5:   minmay_lair_end_frog_pond, layout_long_grid
Spider:1: layout_cave_pods, hellmonk_spider_spawner
Spider:2: layout_spider_delve, uniq_frances
Spider:3: layout_spider_delve, uniq_agnes
Orc:1:    gammafunk_beogh_shrine, layout_caves, blackcustard_rock_pile
Orc:2:    grunt_orc_gardens, layout_diamond_mine, grunt_orc_garden,
          grunt_orc_garden, grunt_orc_garden, grunt_orc_garden, serial_shops,
          nicolae_shop_real_fake_doors

Skill      XL: |  1  2  3  4  5  6  7  8  9 10 11 12 13 14 15 |
---------------+----------------------------------------------+-----
Spellcasting   | 2 3 4 6 7 9 10 12 13 15 16 17 | 17.5
Conjurations   | 4 5 6 7 8 10 12 13 | 13.4
Fire Magic     | 1 4 |  4.0
Air Magic      | 1 6 10 12 | 12.8
Earth Magic    | 6 |  6.5
Dodging        | |  1.7
Stealth        | |  1.7

Action                     |  1- 3 |  4- 6 |  7- 9 | 10-12 | 13-15 || total
---------------------------+-------+-------+-------+-------+-------++-------
  Melee: Unarmed           |    54 |       |       |       |       ||    54
         Staff             |       |     1 |       |    13 |    48 ||    62
         Punch             |       |       |       |     1 |     1 ||     2
   Cast: Magic Dart        |   100 |    71 |   148 |   343 |   122 ||   784
         Searing Ray       |     2 |    10 |    63 |    44 |       ||   119
         Iskenderun's Myst |       |       |    21 |   189 |   127 ||   337
         Freezing Cloud    |       |       |       |    19 |    12 ||    31
         Plasma Beam       |       |       |       |       |   185 ||   185
         Airstrike         |       |       |       |       |   309 ||   309
  Evoke: Wand              |       |       |     2 |    13 |     1 ||    16
    Use: Scroll            |       |       |       |    13 |    17 ||    30
 Armour: Robe              |    58 |    16 |    74 |   184 |   239 ||   571
  Dodge: Dodged            |    65 |    17 |    62 |   128 |   157 ||   429
